 Dungeon Crawl Stone Soup version 0.31-a0-214-gb37851dbb3 (webtiles) character file.

Game seed: 2174508190666844708

1220 qw the Chopper (level 8, -7/49 HPs)
             Began as a Gargoyle Fighter on July 1, 2023.
             Mangled by a gnoll
             ... wielding a +0 halberd
              (9 damage)
             ... on level 5 of the Dungeon.
             The game lasted 00:01:59 (3132 turns).

qw the Chopper (Gargoyle Fighter)                   Turns: 3132, Time: 00:02:00

Health: -7/49      AC: 14    Str: 22    XL:     8   Next: 47%
Magic:  8/8        EV:  9    Int:  9    God:
Gold:   161        SH:  4    Dex:  9    Spells: 7/7 levels left

rFire   . . .        Y - +0 war axe (elec)
rCold   . . .        c - +0 buckler
rNeg    + . .        f - +0 chain mail
rPois   inf          (no helmet)
rElec   +            (no cloak)
rCorr   .            (no gloves)
SInv    .            (no boots)
Will    .....        (no amulet) Stlth
                     (no ring)
HPRegen 0.28/turn    (no ring)
MPRegen 0.11/turn

%: no passive effects
@: no status effects
A: sickness immunity, AC +5, negative energy resistance 1, electricity
resistance, torment resistance 1, petrification resistance
a: no special abilities


You were on level 5 of the Dungeon.
You visited 1 branch of the dungeon, and saw 5 of its levels.

You collected 161 gold pieces.


Innate Abilities, Weirdness & Mutations

You are immune to sickness and miasma.
Your stone body is resilient. (AC +5)
You are immune to poison.
You resist negative energy. (rN+)
You are resistant to electric shocks. (rElec)
You are resistant to unholy torment.
You are immune to petrification.


   Skills:
 - Level 5.0 Fighting
 + Level 7.1 Axes
 - Level 3.2 Armour
 - Level 4.2 Dodging
 - Level 3.2 Shields


You had 7 spell levels left.
You didn't know any spells.
Your spell library was empty.

Inventory:

Hand Weapons
 g - a +0 flail
 Y - a +0 war axe of electrocution (weapon)
Armour
 c - a +0 buckler (worn)
 f - a +0 chain mail (worn)
Scrolls
 a - a scroll of identify
Potions
 d - 2 potions of might
 e - a potion of curing
 h - a potion of cancellation
 i - a potion of enlightenment {unknown}
 l - a potion of attraction

Dungeon Overview and Level Annotations

Branches:
Dungeon (5/15)
 Temple: D:4-7

Altars:


Message History

You hit the gnoll.
The gnoll is severely wounded.
You hit the gnoll.
You kill the gnoll!
The gnoll hits you from afar with a +0 halberd!
The gnoll hits you with a +2 flail of protection.
You barely miss the gnoll.
The gnoll is severely wounded.
The gnoll hits you with a +2 flail of protection.
A gnoll comes into view. It is wielding a +0 flail.
You block the gnoll's attack.
You hit the gnoll but do no damage.
The gnoll is severely wounded.
You block the gnoll's attack. The gnoll misses you.
The gnoll barely misses you. The gnoll hits you but does no damage.
You closely miss the gnoll.
The gnoll is severely wounded.
The gnoll hits you with a +2 flail of protection!
The gnoll barely misses you.
You barely miss the gnoll.
The gnoll is severely wounded.
You barely miss the gnoll.
The gnoll hits you from afar with a +0 halberd.
The gnoll hits you but does no damage.
You completely miss the gnoll.
The gnoll is severely wounded.
You hit the gnoll. Lightning courses through the gnoll!
You kill the gnoll!
You block the gnoll's attack. The gnoll barely misses you.
You hit the gnoll.
The gnoll is almost dead.
You block the gnoll's attack. The gnoll hits you but does no damage.
You closely miss the gnoll.
The gnoll is almost dead.
The gnoll hits you but does no damage.
The gnoll hits you from afar with a +0 halberd!
You slash the gnoll! Lightning courses through the gnoll!!
You kill the gnoll!
The gnoll hits you from afar with a +0 halberd!
You die...

#....#...'....#
#....#...#....#
#....#...#....#
#....#...##...#
#....#...##...#
...######...#
........#...#
........#...#
........@)..+
.......)#g###
#######...g..g.
#........
#.........
#.........
######.... ####


You could see 2 gnolls.

Vanquished Creatures
  Pikel (D:4)
  Menkaure (D:4)
  A black bear (D:3)
  2 ogres (D:5)
  2 hounds
  A sleepcap (D:5)
  Ijyb (D:4)
  2 iguanas
  An orc wizard (D:4)
  11 gnolls
  3 adders
  A worm (D:4)
  4 dart slugs
  9 orcs
  8 ball pythons
  3 endoplasms
  4 giant cockroaches
  10 goblins
  6 hobgoblins
  6 jackals (D:2)
  6 kobolds
  6 quokkas
  3 bats
  7 frilled lizards
  9 rats
108 creatures vanquished.

Notes
Turn   | Place    | Note
-------+----------+-------------------------------------------
     0 | D:1      | qw the Gargoyle Fighter began the quest for the Orb.
     0 | D:1      | Reached XP level 1. HP: 14/14 MP: 1/1
     0 | D:1      | 0 ||| qw: Version: 0.3-a-32-g5962c71
     0 | D:1      | 0 ||| qw: Game counter: 7549
     0 | D:1      | 0 ||| qw: Melee chars always use a shield: true
     0 | D:1      | 0 ||| qw: God list: Okawaru
     0 | D:1      | 0 ||| qw: Allow faded altars: false
     0 | D:1      | 0 ||| qw: Do Orc after clearing Dungeon:15 true
     0 | D:1      | 0 ||| qw: Do second Lair branch before Depths: true
     0 | D:1      | 0 ||| qw: Lair rune preference: random
     0 | D:1      | 0 ||| qw: Goals: Normal, Zot:1-4, Slime:5, God:TSO, Crypt,
                  | Tomb, Abyss, Pan, Hells, Win
     0 | D:1      | 0 ||| PLANNING D:1-11
    29 | D:1      | Reached skill level 2 in Axes
   106 | D:1      | Reached XP level 2. HP: 18/19 MP: 2/2
   220 | D:1      | 220 ||| Stepping ~*~*~tactically~*~*~ (hiding).
   304 | D:1      | 304 ||| Stepping ~*~*~tactically~*~*~ (hiding).
   327 | D:1      | 327 ||| Stepping ~*~*~tactically~*~*~ (stealth).
   333 | D:1      | 333 ||| Stepping ~*~*~tactically~*~*~ (stealth).
   370 | D:1      | Reached skill level 3 in Axes
   393 | D:1      | Reached XP level 3. HP: 23/23 MP: 3/3
   616 | D:1      | 616 ||| DROPPING +0 club.
   621 | D:1      | Found a faded altar of an unknown god.
   751 | D:1      | 751 ||| READING 2 scrolls labelled MOT MEUCIMUH.
   766 | D:2      | 766 ||| STAIRDANCE
   875 | D:2      | 875 ||| Stepping ~*~*~tactically~*~*~ (stealth).
   876 | D:2      | 876 ||| Stepping ~*~*~tactically~*~*~ (stealth).
   926 | D:2      | 926 ||| Stepping ~*~*~tactically~*~*~ (stealth).
  1016 | D:2      | Reached XP level 4. HP: 28/28 MP: 4/4
  1025 | D:2      | 1025 ||| DROPPING +0 whip.
  1405 | D:2      | 1405 ||| READING scroll labelled RICIZU QEXOM.
  1406 | D:2      | 1406 ||| READING scroll labelled UXOKHO EPNYCH.
  1523 | D:3      | Reached skill level 4 in Axes
  1583 | D:3      | 1583 ||| Stepping ~*~*~tactically~*~*~ (stealth).
  1585 | D:3      | 1585 ||| Stepping ~*~*~tactically~*~*~ (stealth).
  1586 | D:3      | 1586 ||| Stepping ~*~*~tactically~*~*~ (stealth).
  1631 | D:3      | 1631 ||| DROPPING +0 mace.
  1915 | D:3      | Reached XP level 5. HP: 28/32 MP: 5/5
  2048 | D:3      | 2048 ||| READING 2 scrolls labelled WIPEXIE LUNO.
  2049 | D:3      | 2049 ||| READING scroll labelled UDIQORR BYTHROI.
  2050 | D:3      | 2050 ||| READING scroll labelled DEFUIGIATY.
  2051 | D:3      | 2051 ||| READING scroll labelled UCACESCH DISIRE.
  2052 | D:3      | 2052 ||| DRINKING 2 murky orange potions.
  2053 | D:3      | 2053 ||| READING 3 scrolls of identify.
  2053 | D:3      | 2053 ||| IDENTIFYING green potion
  2054 | D:3      | 2054 ||| READING 2 scrolls of identify.
  2054 | D:3      | 2054 ||| IDENTIFYING white potion
  2055 | D:3      | 2055 ||| DROPPING scroll of blinking.
  2081 | D:4      | Noticed a black bear
  2086 | D:4      | 2086 ||| STAIRDANCE
  2092 | D:3      | Killed a black bear
  2093 | D:3      | Reached skill level 5 in Axes
  2139 | D:4      | Reached XP level 6. HP: 37/37 MP: 6/6
  2178 | D:4      | Noticed Ijyb
  2184 | D:4      | Killed Ijyb
  2214 | D:4      | Noticed Pikel
  2224 | D:4      | Killed Pikel
  2225 | D:4      | Reached XP level 7. HP: 38/43 MP: 7/7
  2513 | D:4      | Noticed Menkaure
  2525 | D:4      | Killed Menkaure
  2526 | D:4      | Reached skill level 6 in Axes
  2526 | D:4      | Reached XP level 8. HP: 21/48 MP: 8/8
  2768 | D:4      | 2768 ||| UPGRADING to +0 chain mail.
  2778 | D:4      | 2778 ||| DROPPING +0 scale mail.
  2797 | D:5      | Entered Level 5 of the Dungeon
  2798 | D:5      | 2798 ||| PLANNING SEWER
  2816 | D:5      | 2816 ||| Stepping ~*~*~tactically~*~*~ (stealth).
  2916 | D:5      | Reached skill level 7 in Axes
  3118 | D:5      | 3118 ||| Stepping ~*~*~tactically~*~*~ (hiding).
  3131 | D:5      | HP: 2/49 [gnoll/+0 halberd (12)]
  3132 | D:5      | Mangled by a gnoll

Levels and vault maps discovered:
D:1:      lightli_arrival_maybe_door_vault, layout_basic, basic_ecumenical_altar
D:2:      layout_basic
D:3:      layout_loops_ring
D:4:      layout_rooms, uniq_ijyb, uniq_pikel, uniq_menkaure
D:5:      layout_gridville, mainiacjoe_overflow_alcove_2,
          gup_sewer_entry_bubbles

Skill      XL: |  1  2  3  4  5  6  7  8 |
---------------+-------------------------+-----
Axes           | 2 3 4 5 6 7 |  7.1
Fighting       | 4 5 |  5.0
Dodging        | 4 |  4.2
Armour         | |  3.2
Shields        | |  3.2

Action                     |  1- 3 |  4- 6 |  7- 9 || total
---------------------------+-------+-------+-------++-------
  Melee: War axe           |   124 |   116 |    83 ||   323
    Use: Scroll            |     1 |     8 |       ||     9
         Potion            |       |     1 |       ||     1
 Armour: Scale mail        |    54 |    62 |    11 ||   127
         Chain mail        |       |       |    16 ||    16
  Dodge: Dodged            |    56 |    58 |    36 ||   150
  Block: Buckler           |    25 |    20 |    13 ||    58

Table legend:
 A = Non-vault XP
 B = Vault XP
 C = Vault XP percentage of total XP
 D = Non-vault monster count
 E = Vault monster count
 F = Vault count percentage of total count
                 A         B        C        D         E       F
            +---------+---------+-------+---------+---------+-------
      Total |     947 |     812 |  46.2 |     105 |       3 |   2.8
            +---------+---------+-------+---------+---------+-------
        D:1 |      52 |       0 |   0.0 |      30 |       0 |   0.0
        D:2 |      40 |       0 |   0.0 |      23 |       0 |   0.0
        D:3 |     212 |       0 |   0.0 |      21 |       0 |   0.0
        D:4 |     182 |     812 |  81.7 |      16 |       3 |  15.8
        D:5 |     461 |       0 |   0.0 |      15 |       0 |   0.0
            +---------+---------+-------+---------+---------+-------
